woodfighter, neutral female human Healer ------ ##.<...| # |....| #`(....| ------------- ------------- # |....-# |......>....| |`.........`| ### ------# |.....)......### #|.....`.....| # # # |...........| # ###|...-.---...| ### # # |............######------###s@S...|.{.|...| ) # # ------------- ##|.....## |).`|{.{|`...########## # # ##.....|# |...|.{.|...| # ### #|....|# |...-----...| # #--------- #|....|# |.....`.....| -------# #|.......| #|.....# |`.........`.######-.....|# #|.......| #|....| ------------- ###|.....-# #|.......| #------ ###......| #|.......| ############################# ------- #-.......| --------- woodfighter the Embalmer Experience level: 6 Strength: 9 Dexterity: 11 Constitution: 18 Intelligence: 11 Wisdom: 14 Charisma: 17 Health: 0(60) Energy: 14(52) Def: 2 Gold: 4295 Moves: 4457 Dungeon seed: jXbbF-Eg4ihUKcFZ Game ID: woodfighter_1504114528 Your Inventory: Coins $ - 4295 gold pieces Weapons a - a +0 scalpel (weapon in hand) o - a +0 dart H - a +0 scalpel Armor e - an uncursed +1 pair of leather gloves (being worn) n - an uncursed +0 T-shirt q - a cursed -1 mummy wrapping r - an uncursed +0 pair of leather gloves I - a cursed +1 pair of leather gloves Comestibles k - 11 blessed eucalyptus leaves l - an uncursed lizard corpse B - an uncursed tripe ration F - an uncursed food ration Scrolls s - 2 cursed scrolls of identify t - a blessed scroll of teleportation u - 7 uncursed scrolls of identify z - a cursed scroll of genocide C - a cursed scroll of enchant armor J - an uncursed scroll of scare monster L - an uncursed scroll of scare monster M - an uncursed scroll of create monster N - an uncursed scroll of gold detection V - a cursed scroll of remove curse Y - an uncursed scroll of remove curse Spellbooks h - a blessed spellbook of healing i - a blessed spellbook of extra healing j - a blessed spellbook of stone to flesh K - an uncursed spellbook of stone to flesh Potions c - 3 uncursed potions of healing d - 2 blessed potions of healing f - 4 uncursed potions of extra healing p - an uncursed potion of restore ability v - an uncursed potion of fruit juice w - an uncursed potion of monster detection E - a cursed potion of gain energy G - a potion of holy water W - an uncursed potion of sickness X - 3 uncursed potions of hallucination Wands g - a wand of sleep (0:6) x - a wand of sleep (0:6) A - a wand of enlightenment (0:12) D - a cursed wand of striking (0:0) Z - a wand of teleportation (0:7) Tools b - an uncursed stethoscope y - an uncursed skeleton key O - a cursed sack P - an uncursed brass lantern (0:1224) Q - a cursed brass lantern (0:1157) R - a can of grease (0:11) S - an uncursed skeleton key T - a cursed leash U - a cursed magic whistle Spells and supernatural/magical abilities: Name Level Category Fail Memory h - healing 1 healing 0% 78% x - extra healing 3 healing 14% 78% S - stone to flesh 3 healing 30% 78% W - pray for help -- divine ? -- Your skills at the end: Miscellaneous Skills wands [Basic] Weapon Skills knife [Basic] Spellcasting Skills healing spells [Basic] Final Attributes: You were piously aligned. You were poison resistant. You are dead. Vanquished creatures: a leprechaun a lizard a dwarf mummy a brown pudding a piranha a dingo 2 housecats a water nymph a dust vortex a snake 4 human zombies a bugbear a wood nymph a rock mole a rock piercer 2 fog clouds a gnome lord a black naga hatchling a golden naga hatchling 2 elf zombies a floating eye a kitten 2 kobold shamans an iguana a rabid rat a giant bat 2 orc zombies a werejackal 2 coyotes an acid blob a large kobold 6 geckos a hobgoblin 2 cave spiders 2 yellow molds 2 gnomes a garter snake 12 manes 23 jackals a kobold 4 newts 3 goblins 2 sewer rats 8 grid bugs 3 lichens 2 kobold zombies 112 creatures vanquished. Voluntary challenges: You did not adorn yourself with jewelry or accessories. You did not cause conflict. You were not invisible. You did not have reflection. You were not displaced. You had been an atheist until turn 1989. You used a wielded weapon 319 times, starting on turn 16. You did not apply a unicorn horn. You did not use plumbed fixtures. You did not drink any magical draughts. You were illiterate. You never genocided any monsters. You never polymorphed an object. You changed form 2 times, starting on turn 2887. You used no wishes. You never split a pudding. You never wrote Elbereth's name. You never violated your personal moral code. Dungeon overview: The Dungeons of Doom: levels 1 to 10 Level 1 a long staircase Level 2 stairs to The Gnomish Mines Level 3 a fountain Level 4 a fountain Level 5 Level 6 a general store Level 7 (throne room) some fountains, a throne Level 8 a fountain Level 9 <- You were here many fountains Level 10 The Gnomish Mines: Level 3 stairs to The Dungeons of Doom History has recorded: On T:1 you entered the Dungeons of Doom to retrieve the Amulet of Yendor! On T:180 you reached level 2 of The Dungeons of Doom. On T:391 you reached level 3 of The Dungeons of Doom. On T:414 you reached level 1 of The Gnomish Mines. On T:502 you advanced to experience level 2. On T:686 you reached level 4 of The Dungeons of Doom. On T:976 you advanced to experience level 3. On T:1282 you reached level 5 of The Dungeons of Doom. On T:1716 you reached level 6 of The Dungeons of Doom. On T:1885 you advanced to experience level 4. On T:1989 you prayed to Hermes. On T:2168 you reached level 7 of The Dungeons of Doom. On T:2622 you reached level 8 of The Dungeons of Doom. On T:2781 you advanced to experience level 5. On T:2899 you prayed to Hermes. On T:3689 you reached level 9 of The Dungeons of Doom. On T:3966 you advanced to experience level 6. On T:3997 you reached level 10 of The Dungeons of Doom. Score breakdown: Gold: 3067 ( 306 points) Experience: 6 levels ( 500 points) Exploration: 10 levels ( 270 points) Discoveries: 22 items ( 1100 points) Variety of kills: 46 monsters ( 2000 points) Major goal: (nothing yet) ( 0 points) Survival: died (score multiplied by 3) Total score: 12528 Latest messages: The giant spider moves its spinnerets around you. You hack the giant spider. The giant spider is lightly wounded. The giant spider bites! The giant spider moves its spinnerets around you. The giant spider bites! The giant spider moves its spinnerets around you. You slash the giant spider. The giant spider is moderately wounded. The giant spider bites! The giant spider's bite was poisoned, but it doesn't affect you. The giant spider moves its spinnerets around you. The giant spider bites! (2x) The giant spider moves its spinnerets around you. The pony kicks the rabid rat. The pony bites the rabid rat. The rabid rat bites the pony. You miss the giant spider. The rabid rat bites! The giant spider bites! The giant spider moves its spinnerets around you. The pony kicks the rabid rat. The rabid rat is killed! The giant spider bites! You die... The sack is empty. The sack is empty. Final status: Goodbye woodfighter the Healer, killed by a giant spider... You died in The Dungeons of Doom on dungeon level 9 with 12528 points, and 4295 pieces of gold, after 4457 moves. You were level 6 with a maximum of 60 hit points when you died.